 Dungeon Crawl Stone Soup version 0.28.0 (webtiles) character file.

Game seed: 13737839323318208545

299 Kurot the Digger (level 6, 0/75 HPs)
             Began as a Draconian Wanderer on Feb 16, 2022.
             Was an Initiate of Gozag.
             Slain by a phantom (4 damage)
             ... on level 4 of the Dungeon.
             The game lasted 00:19:41 (3103 turns).

Kurot the Digger (Draconian Wanderer)               Turns: 3103, Time: 00:19:50

Health: 0/75       AC: 30    Str: 12    XL:     6   Next: 13%
Magic:  0/9        EV:  2    Int: 16    God:    Gozag
Gold:   290        SH:  4    Dex: 11    Spells: 3/9 levels left

rFire   . . .      SeeInvis .   a - +0 falchion (protect)
rCold   . . .      Faith    .   b - +0 buckler
rNeg    . . .      Spirit   .   (armour unavailable)
rPois   +          Reflect  .   (helmet currently unavailable)
rElec   .          Harm     .   (cloak currently unavailable)
rCorr   .          Rampage  .   (gloves currently unavailable)
Will    .....      NoTele   +   (boots currently unavailable)
Stlth   ++........              (no amulet)
HPRegen 0.22/turn               (no ring)
MPRegen 0.11/turn               (no ring)

@: tree-form, gold aura, under a protective aura
A: stationary, stasis, torment immunity, boosted hp, AC +6, unfitting armour,
(cold-blooded)
a: Renounce Religion, Potion Petition, Call Merchant, Bribe Branch


You were on level 4 of the Dungeon.
You worshipped Gozag.
Gozag was aware of your devotion.
You were a tree.
You visited 1 branch of the dungeon, and saw 4 of its levels.

You collected 290 gold pieces.

Inventory:

Hand Weapons
 a - a +0 falchion of protection (weapon)
 m - a +0 quarterstaff
Missiles
 c - 95 stones
Armour
 b - a +0 buckler (worn)
Jewellery
 f - a ring of protection from fire
Scrolls
 g - 4 scrolls of blinking
 h - a scroll of fear
 i - a scroll of amnesia {unknown}
 p - a scroll of identify {unknown}
Potions
 d - a potion of ambrosia {unknown}
 e - a potion of flight {unknown}
 j - a potion of cancellation {unknown}
 k - a potion of lignification


   Skills:
 * Level 2.4 Fighting
 + Level 2.3 Long Blades
 + Level 0.8 Throwing
 * Level 1.1 Dodging
 * Level 2.2 Stealth
 + Level 2.0 Shields
 + Level 2.2 Spellcasting
 + Level 0.2 Conjurations
 + Level 4.7 Earth Magic
 * Level 2.5 Evocations


You had 3 spell levels left.
You knew the following spells:

 Your Spells              Type           Power      Damage    Failure   Level
a - Sandblast             Erth           34%        2d9       3%          1
b - Stone Arrow           Conj/Erth      18%        3d8       28%         3
c - Blink                 Tloc           2%         N/A       38%         2

Your spell library contained the following spells:

 Spells                   Type           Power      Damage    Failure   Level
 Leda's Liquefaction      Hex/Erth       4%         N/A       69%         4
 Manifold Assault         Tloc           1%         N/A       100%        5
 Storm Form               Tmut/Air       0%         N/A       100%        7


Dungeon Overview and Level Annotations

Branches:
Dungeon (4/15)
 Temple: D:4-7

Altars:
Gozag

Shops:
D:2 [


Innate Abilities, Weirdness & Mutations

You are a tree.
Your roots penetrate the ground, keeping you stationary.
You cannot be teleported.
You are immune to unholy pain and torment.
Your maximum health is greatly increased.
Your equipment is partially melded.
((Your plain brown scales are hard. (AC +6)))
You cannot fit into any form of body armour.
((You are cold-blooded and may be slowed by cold attacks.))


Message History

Press: ? - help, Q - select action, (/) - cycle Shift-Dir - straight line, f/p - ogre
Aim: an ogre, wielding a +0 giant club (severely wounded, 83% to hit)
The stone arrow misses the ogre.
The stone arrow hits the endoplasm!
You kill the endoplasm!
The ogre is distracted by your dazzling golden aura.
You block the phantom's attack.
The ogre shouts!
You don't have enough magic to cast this spell.
Casting: Stone Arrow (dangerous; 30% risk of failure)
Confirm with . or Enter, or press ? or * to list all spells.
Aiming: Sandblast (safe; 4% risk of failure)
Press: ? - help, Shift-Dir - straight line, f/p - ogre
Aim: an ogre, wielding a +0 giant club (severely wounded, 90% to hit)
The blast of sand hits the ogre but does no damage.
The ogre is severely wounded.
The ogre is no longer distracted by gold.
c - 96 stones The phantom hits you but does no damage.
The ogre hits you with a +0 giant club!
* * * LOW HITPOINT WARNING * * *
Casting: Sandblast (safe; 4% risk of failure)
Confirm with . or Enter, or press ? or * to list all spells.
Aiming: Sandblast (safe; 4% risk of failure)
Press: ? - help, Shift-Dir - straight line, f/p - ogre
Aim: an ogre, wielding a +0 giant club (severely wounded, 90% to hit)
The blast of sand hits the ogre!
You kill the ogre!
c - 95 stones The black bear is distracted by your dazzling golden aura.
The phantom hits you but does no damage.
Your Stealth skill increases to level 2!
You have reached level 6!
Your scales feel tougher.
The black bear growls angrily.
You hit the phantom.
Your weapon exudes an aura of protection.
The phantom is lightly damaged.
The phantom hits you.
You die...
Your body crumbles into a pile of gold.

.......######...
......$<.$.(....
......##..#.###.
##....##.##.####
#...h.#$.......
.[. ##.<$.....##
.# #..........#
#...##$W...#.#
#.## #♣....# . #
#.....# #######
$ $


You could see a phantom and a black bear.

Vanquished Creatures
  An ogre (D:4)
  A howler monkey (D:3)
  Robin (D:3)
  3 adders
  2 worms (D:2)
  A dart slug (D:1)
  An orc (D:3)
  3 ball pythons (D:3)
  8 endoplasms
  A giant cockroach (D:2)
  11 hobgoblins
  3 jackals (D:3)
  3 quokkas
  5 bats
  3 frilled lizards
  9 goblins
  7 kobolds
  6 rats
69 creatures vanquished.

Vanquished Creatures (collateral kills)
  2 iguanas (D:4)
  An adder (D:4)
  A hobgoblin (D:4)
4 creatures vanquished.

Vanquished Creatures (others)
  A jackal (D:3)
  3 plants (D:3)
4 creatures vanquished.

Grand Total: 77 creatures vanquished

Notes
Turn   | Place    | Note
-------+----------+-------------------------------------------
     0 | D:1      | Kurot the Draconian Wanderer began the quest for the Orb.
     0 | D:1      | Kurot set off with the following items: a +0 falchion, a +0
                  | buckler, 24 stones; and the following spell memorised:
                  | Sandblast; and the following spells available to memorise:
                  | Stone Arrow, Leda's Liquefaction
     0 | D:1      | Reached XP level 1. HP: 14/14 MP: 2/2
   350 | D:1      | Reached XP level 2. HP: 15/20 MP: 1/3
  1277 | D:2      | Found a faded altar of an unknown god.
  1290 | D:2      | Reached skill level 1 in Fighting
  1290 | D:2      | Reached XP level 3. HP: 28/28 MP: 0/4
  1413 | D:2      | Prayed at the altar of an unknown god.
  1413 | D:2      | Became a worshipper of Gozag Ym Sagoz the Greedy
  1970 | D:2      | Learned a level 3 spell: Stone Arrow
  1987 | D:2      | Found Saeptuje's Antique Armour Shoppe.
  2085 | D:3      | Reached XP level 4. HP: 35/35 MP: 3/6
  2085 | D:3      | Noticed Robin
  2268 | D:3      | Killed Robin
  2269 | D:3      | Reached skill level 1 in Stealth
  2693 | D:3      | Learned a level 2 spell: Blink
  2921 | D:4      | Noticed an ogre
  2941 | D:3      | Reached XP level 5. HP: 24/41 MP: 1/8
  3086 | D:4      | Reached skill level 1 in Dodging
  3091 | D:4      | Noticed a phantom
  3099 | D:4      | Noticed a black bear
  3101 | D:4      | HP: 2/63 [ogre (10)]
  3102 | D:4      | Killed an ogre
  3103 | D:4      | Reached XP level 6. HP: 3/50 MP: 0/9
  3103 | D:4      | Slain by a phantom

Illustrated notes

Levels and vault maps discovered:
D:1:      psy_arrival_heroes, layout_basic
D:2:      layout_basic, serial_shops, shop,
          dreamdust_ecumenical_altar_angels_and_demons, minivault_14,
          skrybe_limestone_x, chequers_serial_rivers_micro_e,
          amcnicky_mini_rare_corridor_liquid, minmay_pentomino_v2
D:3:      layout_rooms, serial_bayou_ford_a, uniq_robin
D:4:      layout_rooms

Skill      XL: |  1  2  3  4  5 |
---------------+----------------+-----
Fighting       | 1 2 |  2.4
Evocations     | 2 |  2.5
Stealth        | 1 2 |  2.2
Spellcasting   | 2 |  2.2
Dodging        | 1 |  1.1
Long Blades    | |  2.3
Throwing       | |  0.8
Shields        | |  2.0
Conjurations   | |  0.2
Earth Magic    | |  4.7

Action                   |  1- 3 |  4- 6 || total
-------------------------+-------+-------++-------
Melee: Falchion          |    25 |    45 ||    70
       Tailslap          |     3 |     4 ||     7
Throw: Dart              |    26 |    10 ||    36
 Cast: Sandblast         |    27 |    17 ||    44
       Stone Arrow       |       |     6 ||     6
Evoke: Wand              |       |     4 ||     4
  Use: Scroll            |     5 |       ||     5
       Potion            |       |     2 ||     2
Armor: Skin              |    12 |    33 ||    45
Dodge: Dodged            |    12 |    35 ||    47
Block: Buckler           |     3 |     8 ||    11
